NYP
VANCOUVER CANADIANS @ STATEN ISLAND YANKEES
09/08/2047
 
TOP OF THE 1ST
Vancouver Canadians batting - Pitching for Staten Island Yankees : RHP Bobby McDonnell
Pitching: RHP Bobby McDonnell
Batting: RHB Justin Geiger 0-0: Foul Ball, location: 2F
0-1: Ground out 4-3 (Groundball, 4S, EV 89.4 MPH)
Batting: RHB Javier Garcia 0-0: Ball
1-0: Ball
2-0: Foul Ball, location: 2F
2-1: Fly out, F7 (Line Drive, 7, EV 89.4 MPH)
Batting: LHB Devin Huber 0-0: Ball
1-0: Ball
2-0: SINGLE (Line Drive, 89S, EV 90.6 MPH)
Batting: RHB John Hering 0-0: Called Strike
0-1: Swinging Strike
0-2: Strikes out swinging, 2-3 out at first.
Top of the 1st over - 0 runs, 1 hit, 0 errors, 1 left on base; Vancouver 0 - Staten Island 0
BOTTOM OF THE 1ST
Staten Island Yankees batting - Pitching for Vancouver Canadians : RHP Young-ghil Sohn
Pitching: RHP Young-ghil Sohn
Batting: RHB Norimoto Miyanishi 0-0: Foul Ball, location: 2F
0-1: Called Strike
0-2: Strikes out swinging
Batting: SHB Corey Penson 0-0: Ball
1-0: SINGLE (Groundball, 34D, EV 104.4 MPH)
Batting: RHB Nick Murray 0-0: Ball
1-0: Foul Ball, location: 2F
1-1: Grounds into double play, 6-4-3 (Groundball, 6, EV 84.4 MPH)
Bottom of the 1st over - 0 runs, 1 hit, 0 errors, 0 left on base; Vancouver 0 - Staten Island 0
TOP OF THE 2ND
Vancouver Canadians batting - Pitching for Staten Island Yankees : RHP Bobby McDonnell
Batting: RHB Jose Ontiveros 0-0: Called Strike
0-1: Ball
1-1: Ball
2-1: Ball
3-1: Base on Balls
Batting: RHB Stephen Casteel 0-0: Fielders Choice at 2nd, 4-6 (Groundball, 4, EV 89.4 MPH)
Batting: LHB Julio Canseco 0-0: Called Strike
0-1: Called Strike
0-2: Ball
1-2: Strikes out swinging
Batting: RHB Shunsuke Shiba Inu 0-0: Ball
1-0: Ball
2-0: Called Strike
Balk!
Stephen Casteel to second
2-1: Foul Ball, location: 2F
2-2: Fly out, F7 (Flyball, 78S, EV 95.0 MPH)
Top of the 2nd over - 0 runs, 0 hits, 0 errors, 1 left on base; Vancouver 0 - Staten Island 0
BOTTOM OF THE 2ND
Staten Island Yankees batting - Pitching for Vancouver Canadians : RHP Young-ghil Sohn
Batting: RHB Mike Zern 0-0: Ground out 5-3 (Groundball, 56S, EV 86.9 MPH)
Batting: RHB Pat Pemberton 0-0: Ground out 6-3 (Groundball, 6, EV 83.8 MPH)
Batting: LHB Dario Segura 0-0: Ground out U3 (Groundball, 3, EV 91.2 MPH)
Bottom of the 2nd over - 0 runs, 0 hits, 0 errors, 0 left on base; Vancouver 0 - Staten Island 0
TOP OF THE 3RD
Vancouver Canadians batting - Pitching for Staten Island Yankees : RHP Bobby McDonnell
Batting: RHB Mike Johnson 0-0: Ball
1-0: TRIPLE (Line Drive, 89XD, EV 112.5 MPH)
Batting: RHB Justin Geiger 0-0: SINGLE (Line Drive, 6MD, EV 96.2 MPH)
Mike Johnson scores
Batting: RHB Javier Garcia 0-0: Ball
Justin Geiger steals 2nd base (no throw)
1-0: Called Strike
1-1: Ball
2-1: Foul Ball, location: 2F
2-2: Ball
3-2: Foul Ball, location: 2F
3-2: Base on Balls
Batting: LHB Devin Huber 0-0: Ball
1-0: Ball
2-0: DOUBLE (Line Drive, 78M, EV 98.8 MPH)
Justin Geiger scores
Javier Garcia to third
Batting: RHB John Hering 0-0: Ball
1-0: Ball
2-0: Foul Ball, location: 2F
2-1: Foul Ball, location: 2F
2-2: SINGLE (Groundball, 6MS, EV 100.0 MPH)
Javier Garcia scores
Devin Huber to third
Batting: RHB Jose Ontiveros 0-0: Ball
Wild Pitch!
Devin Huber scores
John Hering to second
1-0: Ball
2-0: Swinging Strike
2-1: Ball
3-1: Called Strike
3-2: Base on Balls
Batting: RHB Stephen Casteel 0-0: Ball
John Hering is caught stealing 3rd base 2-5
1-0: Ball
2-0: Called Strike
2-1: Ball
3-1: Swinging Strike
3-2: Strikes out swinging
Jose Ontiveros is caught stealing 2nd base 2-4
Batter strikes out.
Top of the 3rd over - 4 runs, 4 hits, 0 errors, 0 left on base; Vancouver 4 - Staten Island 0
BOTTOM OF THE 3RD
Staten Island Yankees batting - Pitching for Vancouver Canadians : RHP Young-ghil Sohn
Batting: RHB Jon Pierce 0-0: Foul Ball, location: 2F
0-1: Ball
1-1: Called Strike
1-2: Ball
2-2: Ball
3-2: Strikes out swinging
Batting: SHB Tadaaki Kondo 0-0: Ground out 6-3 (Groundball, 56, EV 85.6 MPH)
Batting: RHB Nate Singleton 0-0: Ball
1-0: Ball
2-0: Foul Ball, location: 2F
2-1: Ball
3-1: SINGLE (Groundball, 6MD, EV 100.6 MPH)
Batting: RHB Norimoto Miyanishi 0-0: Ball
Pickoff Throw to First - Out! 1-3
Bottom of the 3rd over - 0 runs, 1 hit, 0 errors, 0 left on base; Vancouver 4 - Staten Island 0
TOP OF THE 4TH
Vancouver Canadians batting - Pitching for Staten Island Yankees : RHP Bobby McDonnell
Batting: LHB Julio Canseco 0-0: Ball
1-0: Ball
2-0: Ball
3-0: SINGLE (Groundball, 34D, EV 105.6 MPH)
Batting: RHB Shunsuke Shiba Inu 0-0: Ball
1-0: Called Strike
1-1: Ball
2-1: Ball
3-1: DOUBLE (Groundball, 5L, EV 110.0 MPH)
Julio Canseco to third
Batting: RHB Mike Johnson 0-0: Called Strike
0-1: Foul Ball, location: 2F
0-2: Ball
1-2: Hit by Pitch
Batting: RHB Justin Geiger 0-0: Foul Ball, location: 2F
0-1: Foul Ball, location: 2F
0-2: Fly out, F9 (Flyball, 9S, EV 85.6 MPH)
Batting: RHB Javier Garcia 0-0: Foul Ball, location: 2F
0-1: Ball
1-1: Fielders Choice at 2nd, 3-6 (Groundball, 34S, EV 85.0 MPH)
Julio Canseco scores
Shunsuke Shiba Inu to third
Batting: LHB Devin Huber 0-0: Swinging Strike
0-1: Ball
1-1: Swinging Strike
1-2: Fly out, F9 (Flyball, 9, EV 90.0 MPH)
Top of the 4th over - 1 run, 2 hits, 0 errors, 2 left on base; Vancouver 5 - Staten Island 0
BOTTOM OF THE 4TH
Staten Island Yankees batting - Pitching for Vancouver Canadians : RHP Young-ghil Sohn
Batting: RHB Norimoto Miyanishi 0-0: Ball
1-0: Fly out, F6 (Line Drive, 6, EV 70.0 MPH)
Batting: SHB Corey Penson 0-0: Swinging Strike
0-1: Ground out 5-3 (Groundball, 56S, EV 85.6 MPH)
Batting: RHB Nick Murray 0-0: Ball
1-0: Swinging Strike
1-1: Foul Ball, location: 2F
1-2: Strikes out looking
Bottom of the 4th over - 0 runs, 0 hits, 0 errors, 0 left on base; Vancouver 5 - Staten Island 0
TOP OF THE 5TH
Vancouver Canadians batting - Pitching for Staten Island Yankees : RHP Bobby McDonnell
Batting: RHB John Hering 0-0: Foul Ball, location: 2F
0-1: Called Strike
0-2: Reached on error, E4 (Groundball, 34, EV 93.8 MPH)
Batting: RHB Jose Ontiveros 0-0: Ball
1-0: Called Strike
1-1: Ball
2-1: Grounds into double play, 4-6-3 (Groundball, 4, EV 96.2 MPH)
Batting: RHB Stephen Casteel 0-0: Called Strike
0-1: Ball
1-1: Ground out 4-3 (Groundball, 4M, EV 103.8 MPH)
Top of the 5th over - 0 runs, 0 hits, 1 error, 0 left on base; Vancouver 5 - Staten Island 0
BOTTOM OF THE 5TH
Staten Island Yankees batting - Pitching for Vancouver Canadians : RHP Young-ghil Sohn
Batting: RHB Mike Zern 0-0: Ground out 6-3 (Groundball, 6D, EV 85.6 MPH)
Batting: RHB Pat Pemberton 0-0: Fly out, F7 (Flyball, 7D, EV 86.2 MPH)
Batting: LHB Dario Segura 0-0: Swinging Strike
0-1: Ball
1-1: DOUBLE (Flyball, 78XD, EV 105.0 MPH)
Batting: RHB Jon Pierce 0-0: Fly out, F8 (Flyball, 8RXD, EV 110.0 MPH)
Bottom of the 5th over - 0 runs, 1 hit, 0 errors, 1 left on base; Vancouver 5 - Staten Island 0
TOP OF THE 6TH
Vancouver Canadians batting - Pitching for Staten Island Yankees : RHP Bobby McDonnell
Pitching: RHP Nate LaCava
Batting: LHB Julio Canseco 0-0: Called Strike
0-1: Ball
1-1: Ball
2-1: SINGLE (Line Drive, 5D, EV 99.4 MPH)
Batting: RHB Shunsuke Shiba Inu 0-0: Ball
1-0: Ball
2-0: Ball
3-0: Called Strike
3-1: Called Strike
3-2: SINGLE (Groundball, 56S, EV 74.4 MPH) (infield hit)
Julio Canseco to second
Batting: RHB Mike Johnson 0-0: Ball
1-0: Called Strike
1-1: Foul Ball, location: 2F
1-2: Ball
2-2: Ball
3-2: Foul Ball, location: 2F
3-2: Foul Ball, location: 2F
3-2: Strikes out swinging
Batting: RHB Justin Geiger 0-0: Called Strike
0-1: Foul Ball, location: 2F
0-2: Foul Ball, location: 2F
0-2: Foul Ball, location: 2F
0-2: Ball
1-2: Fly out, F9 (Flyball, 9D, EV 101.9 MPH)
Runner from 2nd tags up, SAFE at 3rd, no throw by RF
Batting: RHB Javier Garcia 0-0: Called Strike
0-1: Ball
1-1: Ball
2-1: Foul Ball, location: 2F
2-2: DOUBLE (Line Drive, 89XD, EV 103.8 MPH)
Julio Canseco scores
Shunsuke Shiba Inu to third
Runner from 3rd tries for Home, SAFE, throw by CF to trailing runner, SAFE at third!
Batting: LHB Devin Huber 0-0: Called Strike
0-1: SINGLE (Groundball, 6, EV 106.9 MPH)
Javier Garcia scores
Batting: RHB John Hering 0-0: Called Strike
0-1: Fly out, F7 (Flyball, 7D, EV 89.4 MPH)
Top of the 6th over - 3 runs, 4 hits, 0 errors, 1 left on base; Vancouver 8 - Staten Island 0
BOTTOM OF THE 6TH
Staten Island Yankees batting - Pitching for Vancouver Canadians : RHP Young-ghil Sohn
Batting: SHB Tadaaki Kondo 0-0: SINGLE (Flyball, 8LS, EV 93.8 MPH)
Batting: RHB Nate Singleton 0-0: Ball
1-0: Called Strike
1-1: Ball
2-1: Called Strike
2-2: Ball
3-2: Grounds into double play, 4-6-3 (Groundball, 4, EV 91.9 MPH)
Batting: RHB Norimoto Miyanishi 0-0: Ball
1-0: Ball
2-0: Called Strike
2-1: Foul Ball, location: 2F
2-2: Ball
3-2: Strikes out swinging
Bottom of the 6th over - 0 runs, 1 hit, 0 errors, 0 left on base; Vancouver 8 - Staten Island 0
TOP OF THE 7TH
Vancouver Canadians batting - Pitching for Staten Island Yankees : RHP Nate LaCava
Pitching: RHP David Durr
Batting: RHB Jose Ontiveros 0-0: Foul Ball, location: 2F
0-1: Called Strike
0-2: Ball
1-2: Foul Ball, location: 2F
1-2: Fly out, F8 (Line Drive, 8RD, EV 95.0 MPH)
Batting: RHB Stephen Casteel 0-0: Swinging Strike
0-1: Called Strike
0-2: Ball
1-2: Ball
2-2: Ball
3-2: Base on Balls
Pinch Hitting: LHB Tso-lin Fen 0-0: Ball
1-0: Ball
Stephen Casteel steals 2nd, throwing error, E2
Stephen Casteel to third
2-0: Ball
3-0: Called Strike
3-1: Fly out, F8 (Flyball, 8LM, EV 85.0 MPH)
Batting: RHB Shunsuke Shiba Inu 0-0: Ball
1-0: Reached on error, E6 (Groundball, 6M, EV 104.4 MPH)
Stephen Casteel scores
Batting: RHB Mike Johnson 0-0: Ball
1-0: Called Strike
Shunsuke Shiba Inu steals 2nd base
1-1: DOUBLE (Line Drive, 7LM, EV 106.9 MPH)
Shunsuke Shiba Inu scores
Batting: RHB Justin Geiger 0-0: Ground out 5-3 (Groundball, 56, EV 85.6 MPH)
Top of the 7th over - 2 runs, 1 hit, 2 errors, 1 left on base; Vancouver 10 - Staten Island 0
BOTTOM OF THE 7TH
Staten Island Yankees batting - Pitching for Vancouver Canadians : RHP Young-ghil Sohn
Now in LF: Tso-lin Fen
Now in RF: Mike Johnson
Batting: SHB Corey Penson 0-0: Ball
1-0: Ball
2-0: Swinging Strike
2-1: Foul Ball, location: 2F
2-2: DOUBLE (Flyball, 8RXD, EV 101.2 MPH)
Batting: RHB Nick Murray 0-0: Ground out 6-3 (Groundball, 6, EV 104.4 MPH)
Pinch Hitting: SHB Adam Slade 0-0: Ball
1-0: Ball
2-0: Called Strike
2-1: Swinging Strike
2-2: Ground out 4-3 (Groundball, 4M, EV 80.6 MPH)
Corey Penson to third
Batting: RHB Pat Pemberton 0-0: Ball
1-0: Ground out 1-3 (Groundball, 23, EV 68.8 MPH)
Bottom of the 7th over - 0 runs, 1 hit, 0 errors, 1 left on base; Vancouver 10 - Staten Island 0
TOP OF THE 8TH
Vancouver Canadians batting - Pitching for Staten Island Yankees : RHP David Durr
Now at SS: Adam Slade
Pinch Hitting: RHB Josh Swartzentruber 0-0: Called Strike
0-1: Swinging Strike
0-2: Ball
1-2: Fly out, F8 (Flyball, 8RM, EV 88.1 MPH)
Batting: LHB Devin Huber 0-0: Ball
1-0: Fly out, F8 (Flyball, 8LD, EV 102.5 MPH)
Batting: RHB John Hering 0-0: Ball
1-0: Called Strike
1-1: Ground out 4-3 (Groundball, 4, EV 88.8 MPH)
Top of the 8th over - 0 runs, 0 hits, 0 errors, 0 left on base; Vancouver 10 - Staten Island 0
BOTTOM OF THE 8TH
Staten Island Yankees batting - Pitching for Vancouver Canadians : RHP Young-ghil Sohn
Now at 3B: Josh Swartzentruber
Batting: LHB Dario Segura 0-0: Ball
1-0: Ball
2-0: Ground out 4-3 (Groundball, 4, EV 107.5 MPH)
Batting: RHB Jon Pierce 0-0: Ball
1-0: Called Strike
1-1: Called Strike
1-2: Ball
2-2: DOUBLE (Flyball, 89XD, EV 103.8 MPH)
Batting: SHB Tadaaki Kondo 0-0: Called Strike
0-1: Swinging Strike
0-2: Ball
1-2: Ground out 4-3 (Groundball, 4S, EV 90.6 MPH)
Jon Pierce to third
Batting: RHB Nate Singleton 0-0: SINGLE (Groundball, 34D, EV 98.1 MPH)
Jon Pierce scores
Batting: RHB Norimoto Miyanishi 0-0: Called Strike
0-1: Called Strike
0-2: Foul Ball, location: 2F
0-2: Ball
1-2: Ball
2-2: Strikes out swinging
Bottom of the 8th over - 1 run, 2 hits, 0 errors, 1 left on base; Vancouver 10 - Staten Island 1
TOP OF THE 9TH
Vancouver Canadians batting - Pitching for Staten Island Yankees : RHP David Durr
Pitching: LHP Jon Moore
Batting: RHB Jose Ontiveros 0-0: Ball
1-0: Foul Ball, location: 2F
1-1: Foul Ball, location: 2F
1-2: Ball
2-2: Foul Ball, location: 2F
2-2: Ball
3-2: DOUBLE (Groundball, 5L, EV 102.5 MPH)
Batting: RHB Stephen Casteel 0-0: Ball
1-0: Foul Ball, location: 2F
1-1: TRIPLE (Line Drive, 89XD, EV 113.1 MPH)
Jose Ontiveros scores
Pinch Hitting: LHB Roald Jacobs 0-0: Foul Ball, location: 2F
0-1: Ball
1-1: Ball
2-1: Ball
3-1: Ground out U3 (Groundball, 3, EV 96.2 MPH)
Batting: RHB Shunsuke Shiba Inu 0-0: Foul Ball, location: 2F
0-1: Fly out, F7 (Flyball, 7S, EV 81.2 MPH)
Batting: RHB Mike Johnson 0-0: Fly out, F4 (Popup, 4S, EV 83.8 MPH)
Top of the 9th over - 1 run, 2 hits, 0 errors, 1 left on base; Vancouver 11 - Staten Island 1
BOTTOM OF THE 9TH
Staten Island Yankees batting - Pitching for Vancouver Canadians : RHP Young-ghil Sohn
Now in LF: Mike Johnson
Now in RF: Roald Jacobs
Batting: SHB Corey Penson 0-0: Ground out 5-3 (Groundball, 5L, EV 98.1 MPH)
Batting: RHB Nick Murray 0-0: Ball
1-0: Called Strike
1-1: Ball
2-1: Ground out 5-3 (Groundball, 56S, EV 88.1 MPH)
Batting: SHB Adam Slade 0-0: SINGLE (Groundball, 4MD, EV 98.1 MPH)
Batting: RHB Pat Pemberton 0-0: Called Strike
0-1: Ball
1-1: Ball
2-1: Fly out, F7 (Flyball, 7S, EV 88.1 MPH)
Bottom of the 9th over - 0 runs, 1 hit, 0 errors, 1 left on base; Vancouver 11 - Staten Island 1
Thursday, December 15th , 2022 - OOTP Baseball 23.9 Build 102